 Dungeon Crawl Stone Soup version 0.23-a0-378-gd7a6ca6 (webtiles) character file.

790 Gergoth the Firebug (level 7, -1/36 HPs)
             Began as a Gargoyle Fire Elementalist on Oct 27, 2018.
             Was an Initiate of Vehumet.
             Slain by a centaur (3 damage)
             ... on level 5 of the Dungeon.
             The game lasted 00:10:23 (4471 turns).

Gergoth the Firebug (Gargoyle Fire Elementalist)    Turns: 4471, Time: 00:10:24

Health: -1/36      AC: 11    Str: 12    XL:     7   Next: 87%
Magic:  6/14       EV: 11    Int: 17    God:    Vehumet [......]
Gold:   220        SH:  5    Dex: 10    Spells: 7/15 levels left

rFire    . . .     SeeInvis .   n - +4 club
rCold    . . .     Gourm    .   (no shield)
rNeg     + . .     Faith    .   o - +0 leather armour
rPois    ∞         Spirit   .   r - +0 helmet
rElec    +         Reflect  +   s - +0 cloak (curse)
rCorr    .         Harm     .   a - +1 pair of gloves
MR       .....                  (no boots)
Stlth    ++........             f - +5 amulet of reflection
HPRegen  0.12/turn              (no ring)
MPRegen  0.14/turn              (no ring)

@: very slightly contaminated
A: negative energy resistance 1, electricity resistance, unbreathing,
petrification resistance, rot immunity, AC +4
a: Renounce Religion


You were on level 5 of the Dungeon.
You worshipped Vehumet.
Vehumet was noncommittal.
You were hungry.

You visited 2 branches of the dungeon, and saw 6 of its levels.

You collected 220 gold pieces.

Inventory:

Hand Weapons
 n - a +4 club (weapon)
 p - a +0 quarterstaff
Armour
 a - a +1 pair of gloves (worn)
 o - a +0 leather armour (worn)
 r - a +0 helmet (worn)
 s - a cursed +0 cloak (worn)
 u - a +1 ring mail of magic resistance
 x - a +2 robe of positive energy
 C - a +0 pair of boots
Jewellery
 f - a +5 amulet of reflection (around neck)
Wands
 D - a wand of iceblast (11)
Scrolls
 d - 6 scrolls of remove curse
 h - a scroll of fog {unknown}
 j - 4 scrolls of identify
 m - a scroll of random uselessness {unknown}
 w - 5 scrolls of teleportation {unknown}
 y - a scroll of enchant weapon {unknown}
Potions
 b - 2 potions of flight
 e - 3 potions of brilliance {unknown}
 i - 4 potions of curing
 k - a potion of haste {unknown}
 l - 2 potions of resistance {unknown}
 q - 4 potions of invisibility
 t - 2 potions of degeneration {unknown}
 v - 2 potions of lignification {unknown}
 z - a potion of berserk rage {unknown}
 A - a potion of ambrosia {unknown}
 B - 2 potions of heal wounds {unknown}
Comestibles
 c - 11 rations


   Skills:
 - Level 1.5 Dodging
 - Level 2.1 Stealth
 + Level 4.8 Spellcasting
 + Level 5.3 Conjurations
 + Level 5.7 Fire Magic


You had 7 spell levels left.
You knew the following spells:

 Your Spells              Type           Power        Failure   Level  Hunger
a - Flame Tongue          Conj/Fire      ###..        1%          1    None
b - Conjure Flame         Conj/Fire      ###.....     5%          3    ###....
c - Sticky Flame          Conj/Fire      ###.....     19%         4    ####...

Your spell library contained the following spells:

 Spells                   Type           Power        Failure   Level  Hunger
 Throw Flame              Conj/Fire      ###...       2%          2    #......
 Inner Flame              Hex/Fire       ##......     17%         3    ###....
 Corona                   Hex            #......      19%         1    None
 Slow                     Hex            #.......     28%         2    #......
 Fireball                 Conj/Fire      ###.......   45%         5    ######.
 Portal Projectile        Hex/Tloc       #.....       50%         3    ###....
 Cause Fear               Hex            #.........   88%         4    ####...
 Leda's Liquefaction      Hex/Erth       #.........   88%         4    ####...


Dungeon Overview and Level Annotations

Branches:
Dungeon (5/15)             Temple (1/1) D:5

Altars:
Ashenzari
Cheibriados
Dithmenos
Elyvilon
Fedhas
Gozag
Hepliaklqana
Makhleb
Qazlal
Sif Muna
Trog
Vehumet
Wu Jian
The Shining One

Annotations:
D:3 3 runed doors, feelmyfire's ghost, amateur OpTm
D:5 exclusion: oklob plant


Innate Abilities, Weirdness & Mutations

You are resistant to torment.
Your stone body is resilient. (AC +4)
You are immune to poison.
You resist negative energy. (rN+)
You are resistant to electric shocks. (rElec)
You can survive without breathing.
You are immune to petrification.
You are immune to rotting.


Message History

The centaur closely misses you.
Casting: Flame Tongue (safe; 1% risk of failure)
Confirm with . or Enter, or press ? or * to list all spells.
Aiming: Sticky Flame (slightly dangerous; 19% risk of failure)
Press: ? - help, Shift-Dir - straight line, f - centaur
Aim: a centaur You miscast Sticky Flame.
You are very lightly contaminated with residual magic.
You smell something strange.
The centaur closely misses you.
Casting: Sticky Flame (slightly dangerous; 19% risk of failure)
Confirm with . or Enter, or press ? or * to list all spells.
Aiming: Sticky Flame (slightly dangerous; 19% risk of failure)
Press: ? - help, Shift-Dir - straight line, f/p - centaur
Aim: a centaur The sticky flame hits the centaur.
The centaur is lightly wounded.
The centaur is covered in liquid flames!
You are feeling hungry.
The centaur burns!
The centaur hits you.
You die...

.# #.##....## .P
. #.##.#...# .♣
#.##.#.#.##P♣
#....#.....# P
######.....# P♣
#.##### P.. #.#
P..♣ #.### PP.♣
.####@(.#P..P♣
......c.)(P(P..#
....####.)†P♣###
.. #...## #..##
##.. ####


You could see a centaur (burning).

Vanquished Creatures
  Sigmund (D:3)
  2 ogres (D:4)
  A crimson imp (D:5)
  A bullfrog skeleton (D:4)
  Crazy Yiuf (D:2)
  An orc priest (D:5)
  Jessica (D:2)
  An iguana (D:4)
  2 orc wizards (D:5)
  A worker ant (D:4)
  Robin (D:3)
  10 adders
  A shadow imp (D:5)
  2 oozes
  2 worms (D:4)
  2 dart slugs
  2 leopard geckos
  9 orcs
  11 bats
  6 giant cockroaches
  13 goblins
  7 hobgoblins
  6 jackals
  3 frilled lizards
  9 kobolds
  5 rats
101 creatures vanquished.

Vanquished Creatures (others)
  12 toadstools (D:5)
12 creatures vanquished.

Grand Total: 113 creatures vanquished

Notes
Turn   | Place    | Note
-------+----------+-------------------------------------------
     0 | D:1      | Gergoth the Gargoyle Fire Elementalist began the quest for
                  | the Orb.
     0 | D:1      | Reached XP level 1. HP: 10/10 MP: 3/3
   144 | D:1      | Reached XP level 2. HP: 15/15 MP: 3/5
   508 | D:1      | Reached XP level 3. HP: 19/19 MP: 3/6
   895 | D:2      | Noticed Jessica
   899 | D:2      | Killed Jessica
   899 | D:2      | Reached XP level 4. HP: 23/24 MP: 2/8
   925 | D:2      | Found a faded altar of an unknown god.
  1460 | D:2      | Found a runed door.
  1468 | D:2      | Learned a level 3 spell: Conjure Flame
  1473 | D:2      | Learned a level 4 spell: Sticky Flame
  1473 | D:2      | Noticed Crazy Yiuf
  1550 | D:2      | Killed Crazy Yiuf
  1550 | D:2      | Reached XP level 5. HP: 27/28 MP: 0/9
  2022 | D:3      | Noticed Sigmund
  2193 | D:3      | Noticed feelmyfire's ghost (amateur OpTm)
  2207 | D:3      | Found a runed gate.
  2207 | D:3      | Found a runed gate.
  2207 | D:3      | Found a runed gate.
  2264 | D:3      | Noticed Robin
  2265 | D:3      | Found a white marble altar of Elyvilon.
  2568 | D:3      | Killed Robin
  2715 | D:3      | Killed Sigmund
  2715 | D:3      | Reached XP level 6. HP: 15/32 MP: 0/11
  3592 | D:4      | Reached skill level 5 in Fire Magic
  3592 | D:4      | Reached XP level 7. HP: 36/36 MP: 2/13
  3900 | D:5      | Entered Level 5 of the Dungeon
  3916 | D:4      | Reached skill level 5 in Conjurations
  4081 | D:5      | Found a blossoming altar of Fedhas.
  4101 | D:5      | Noticed an oklob plant
  4306 | D:5      | Found a staircase to the Ecumenical Temple.
  4322 | Temple   | Entered the Ecumenical Temple
  4326 | Temple   | Became a worshipper of Vehumet
  4471 | D:5      | Slain by a centaur

Vault maps used:
D:1:      minmay_arrival_hallway
D:2:      chequers_ecumenical_altar_simple_redux, nrook_mini_backslash,
          uniq_jessica, uniq_crazy_yiuf_cottage
D:3:      old_standard_altar, gammafunk_ghost_split, first_ration,
          kennysheep_minor_cross, uniq_robin, uniq_sigmund
D:5:      kennysheep_kobold_camp, tgw_fedhas,
          minmay_temple_entry_statues_fountains, kennysheep_generic_room_3
Temple:   nicolae_temple_x_marks_the_god

Skill      XL: |  1  2  3  4  5  6  7 |
---------------+----------------------+-----
Conjurations   | 2 3 4 5 |  5.3
Spellcasting   | 3 4 |  4.8
Fire Magic     | 4 5 |  5.7
Dodging        | |  1.5
Stealth        | |  2.1

Action                   |  1- 3 |  4- 6 |  7- 9 || total
-------------------------+-------+-------+-------++-------
Melee: Unarmed           |    57 |       |       ||    57
       Club              |       |    99 |   104 ||   203
 Cast: Flame Tongue      |    36 |    65 |    11 ||   112
       Sticky Flame      |       |     4 |     5 ||     9
       Conjure Flame     |       |     1 |       ||     1
  Use: Scroll            |       |     6 |       ||     6
 Stab: Sleeping          |     2 |     3 |       ||     5
  Eat: Chunk             |     1 |     9 |     4 ||    14
Armor: Robe              |    49 |     3 |       ||    52
       Leather armour    |       |    56 |    70 ||   126
Dodge: Dodged            |    80 |    88 |    97 ||   265
Block: Other             |       |    32 |    34 ||    66
       Reflection        |       |     2 |       ||     2

Table legend:
 A = Non-vault XP
 B = Vault XP
 C = Vault XP percentage of total XP
 D = Non-vault monster count
 E = Vault monster count
 F = Vault count percentage of total count
                 A         B        C        D         E       F
            +---------+---------+-------+---------+---------+-------
      Total |     799 |     330 |  29.2 |      83 |      18 |  17.8
            +---------+---------+-------+---------+---------+-------
        D:1 |      46 |       0 |   0.0 |      23 |       0 |   0.0
        D:2 |      54 |      83 |  60.6 |      13 |       5 |  27.8
        D:3 |      21 |     241 |  92.0 |      10 |       9 |  47.4
        D:4 |     449 |       0 |   0.0 |      23 |       0 |   0.0
        D:5 |     229 |       6 |   2.6 |      14 |       4 |  22.2
            +---------+---------+-------+---------+---------+-------
